[Event "*** SCC Grand Prix: Titled Tuesday Blitz"]
[Site "Chess.com"]
[Date "2020.06.23"]
[Round "7"]
[White "Quiet_Desperation"]
[Black "kleopl"]
[Result "1-0"]
[WhiteElo "1967"]
[BlackElo "2385"]
[TimeControl "180+1"]
[EndTime "11:17:44 PDT"]
[Termination "Quiet_Desperation won on time"]

1. e4 c6 2. Nf3 d5 3. Nc3 Nf6 4. e5 Ne4 5. h3 Bf5 6. Nd4 e6 7. Nxf5 exf5 8. d3 Nxc3 9. bxc3 d4 10. Be2 dxc3 11. O-O Qd4 12. Bf3 Nd7 13. Re1 f4 14.
Re4 Qb6 15. Bxf4 Nc5 16. Re1 Ne6 17. Be3 Qc7 18. d4 Rd8 19. Be4 Bc5 20. Qg4 Bxd4 21. Bf5 h5 22. Qf3 Bxe3 23. Bxe6 Bxf2+ 24. Qxf2 fxe6 25.
Qf3 Qf7 26. Qxc3 O-O 27. Rf1 Qg6 28. Qb3 b6 29. Rad1 Rxd1 30. Rxd1 Qf5 31. Qc3 c5 32. Kh1 h4 33. a4 Qf2 34. Qc4 Qf5 35. Qxh4 Qxc2 36.
Re1 Qf5 37. Qc4 Rd8 38. Qa6 Qf7 39. Rf1 Qd7 40. Qe2 Qc7 41. Qe4 c4 42. Qg4 Re8 43. Rf4 1-0

[Event "*** SCC Grand Prix: Titled Tuesday Blitz"]
[Site "Chess.com"]
[Date "2020.06.23"]
[Round "7"]
[White "saikrishnaReturns"]
[Black "Makswolf200817"]
[Result "1-0"]
[WhiteElo "2640"]
[BlackElo "2427"]
[TimeControl "180+1"]
[EndTime "11:17:45 PDT"]
[Termination "saikrishnaReturns won by resignation"]

1. e4 e6 2. d3 d5 3. Nd2 Nf6 4. Ngf3 c5 5. g3 g6 6. Bg2 Bg7 7. O-O O-O 8. Re1 Nc6 9. Qe2 a5 10. a4 b6 11. Nf1 dxe4 12. dxe4 Ba6 13. Qe3 Nb4 14. e5 Nxc2 15. exf6 Nxe3 16. fxg7 Nc2 17. gxf8=Q+ Qxf8 18. Bd2 Nxa1 19. Rxa1 Rd8 20. Bc3 f6 21. Ne3 e5 22. h4 h5 23. Nd2 Qf7 24. Ne4 Kg7 25.
Nf1 Bb7 26. Nfd2 Qc7 27. f4 exf4 28. Bxf6+ Kh6 29. Bg5+ Kg7 30. Bxf4 Qd7 31. Be5+ Kh6 32. Rf1 Qe6 33. Bc3 Qd5 34. Rf6 Re8 35. Rxb6 Bc6 36.
Ra6 Bxa4 37. Ng5 Re1+ 38. Nf1 Rxf1+ 39. Bxf1 c4 40. Rxa5 Qc6 41. Bg2 Qe8 42. Kh2 Bd7 43. Ra7 Qc8 44. Ne4 Kh7 45. Rxd7+ 1-0

[Event "*** SCC Grand Prix: Titled Tuesday Blitz"]
[Site "Chess.com"]
[Date "2020.06.23"]
[Round "7"]
[White "louis198"]
[Black "profofchess"]
[Result "1-0"]
[WhiteElo "2488"]
[BlackElo "2376"]
[TimeControl "180+1"]
[EndTime "11:17:45 PDT"]
[Termination "louis198 won on time"]

1. d4 Nf6 2. Nf3 e6 3. Bf4 c5 4.
e3 Be7 5. h3 b6 6. c4 cxd4 7.
exd4 Bb7 8. Nc3 O-O 9. Be2 d5 10. O-O dxc4 11. Bxc4 Nd5 12. Bg3 Nxc3 13. bxc3 Nd7 14.
Qb3 Bxf3 15. gxf3 Nf6 16. Rfe1 Kh8 17. Bf1 Bd6 18. Bg2 Nd5 19. Re4 Qc7 20. c4 Bxg3 21.
cxd5 Bh2+ 22. Kh1 exd5 23. Qxd5 Rad8 24. Qh5 f5 25. Ree1 Bf4 26. Rad1 Qd6 27. Qh4 b5 28.
Qe7 a5 29. d5 b4 30. Qxd6 Rxd6 31. Re6 Rfd8 32. Rxd6 Rxd6 33. Bf1 Kg8 34. Bb5 Kf7 35. Bc6 Be5 36. Re1 Kf6 37. Kg2 f4 38. Kf1 Rd8 39. Ke2 Rb8 40. Kd3 b3 41. axb3 Rxb3+ 42. Kc4 Rb2 43. Bd7 Rxf2 44. Bg4 Rd2 45. Rb1 1-0

[Event "*** SCC Grand Prix: Titled Tuesday Blitz"]
[Site "Chess.com"]
[Date "2020.06.23"]
[Round "7"]
[White "dpopadic"]
[Black "JoachimMouhamad"]
[Result "1-0"]
[WhiteElo "2344"]
[BlackElo "2441"]
[TimeControl "180+1"]
[EndTime "11:17:47 PDT"]
[Termination "dpopadic won by resignation"]

1. e4 e5 2. Nf3 Nc6 3. Bb5 a6 4. Ba4 Nf6 5. O-O Be7 6. Re1 b5 7. Bb3 d6 8. c3 O-O 9. h3 Nb8 10. d3 Nbd7 11. Nbd2 Bb7 12. Nf1 Re8 13. Ng3 h6 14.
Nh2 Bf8 15. Ng4 d5 16. Nxf6+ Nxf6 17. Qf3 c5 18. Be3 c4 19. Bc2 cxd3 20. Bxd3 dxe4 21.
Bxe4 Nxe4 22. Nxe4 Qh4 23. Nf6+ Qxf6 24. Qxb7 Rab8 25.
Qe4 b4 26. c4 Qe6 27. Rad1 Rbc8 28. b3 f5 29. Qd5 Rc7 30. Bc1 Qxd5 31. Rxd5 Rc5 32.
Red1 Rxd5 33. Rxd5 Kf7 34. Be3 Ke6 35. f3 g5 36. Kf1 Ra8 37. Ke2 a5 38. Bc5 Bxc5 39. Rxc5 a4 40. Rb5 axb3 41. axb3 Ra2+ 42. Kf1 e4 43.
fxe4 fxe4 44. Rxb4 Ke5 45. c5 Rc2 46. Rc4 Rb2 47. c6 Rxb3 48. c7 Rb1+ 49. Kf2 Rb2+ 50. Kg1 Rb1+ 51. Kh2 Rb2 1-0

[Event "*** SCC Grand Prix: Titled Tuesday Blitz"]
[Site "Chess.com"]
[Date "2020.06.23"]
[Round "7"]
[White "ChessQueen"]
[Black "BogdanDeac"]
[Result "1-0"]
[WhiteElo "2715"]
[BlackElo "2811"]
[TimeControl "180+1"]
[EndTime "11:17:48 PDT"]
[Termination "ChessQueen won on time"]

1. e4 e5 2. Nf3 Nc6 3. Bb5 Nf6 4. d4 Nxe4 5. dxe5 d5 6. Nd4 Bd7 7. Bxc6 bxc6 8. O-O Be7 9. f3 Nc5 10. f4 Ne4 11. Nd2 c5 12. Nxe4 cxd4 13. Ng3 c5 14. f5 O-O 15. Qg4 Qb6 16. Bf4 Kh8 17. Rae1 Rae8 18. e6 fxe6 19. fxe6 Bb5 20. Be5 Bf6 21. Bxf6 gxf6 22. Rf4 Rg8 23. Qf5 Rg6 24. Rh4 Reg8 25.
Qxd5 d3 26. c4 Bc6 27. Qxd3 Qxb2 28. Qe2 Qc3 29. e7 Rxg3 30. hxg3 Qxg3 31. Rh2 a5 32. Rf1 Qd6 33. Qh5 Qd4+ 34. Kh1 Qe4 35. Rg1 Qxe7 36. Qh6 1-0

[Event "*** SCC Grand Prix: Titled Tuesday Blitz"]
[Site "Chess.com"]
[Date "2020.06.23"]
[Round "7"]
[White "kidagent"]
[Black "RestartingChess"]
[Result "0-1"]
[WhiteElo "2214"]
[BlackElo "2445"]
[TimeControl "180+1"]
[EndTime "11:17:48 PDT"]
[Termination "RestartingChess won by resignation"]

1. e4 Nf6 2. Nc3 d6 3. d4 g6 4.
Nf3 Bg7 5. Bc4 O-O 6. Qe2 a6 7. a4 Nc6 8. Be3 Ng4 9. O-O Nxe3 10. fxe3 e5 11. Rad1 Bg4 12. d5 Ne7 13. Qe1 f5 14. exf5 Nxf5 15. e4 Bxf3 16. Rxf3 Nd4 17. Rxf8+ Qxf8 18. Qd2 Bh6 19. Qd3 Qf4 20. Ne2 Qe3+ 21. Qxe3 Bxe3+ 22. Kh1 Nxc2 23. Bd3 Nb4 24. Bc4 Rf8 25. Ng3 Rf2 26.
Ne2 Bc5 27. Rc1 Nc2 28. Bd3 Ne3 29. Rg1 Ng4 30. h3 Nf6 31. Rb1 Nxe4 32. Bxe4 Rxe2 33.
Bf3 Rd2 34. b4 Bd4 35. b5 axb5 36. Rxb5 b6 37. a5 Ra2 38. axb6 Bxb6 39. Rb3 Kg7 40. Kh2 Kf6 41. Be4 Re2 42. Bf3 Re3 43.
Rb1 e4 44. Bg4 Ke5 45. Be6 Re2 46. Rf1 Be3 47. Rf7 Bf4+ 48. Kg1 Bg3 49. Rf1 e3 50. Bg4 Rd2 51. Rd1 Kxd5 52. Rxd2+ exd2 53. Kf1 Kd4 54. Ke2 Kc3 55. Kd1 c5 56. Be6 Bf4 57. Bd5 Kd4 58. Bg8 d5 59. Bxh7 g5 60. g3 Bxg3 61. Kxd2 Bf4+ 62. Kd1 Ke3 63. Bf5 d4 64. Bg4 c4 65. Bf5 d3 66. Be6 Kd4 67. Bg4 c3 68.
Bf5 c2+ 0-1

[Event "*** SCC Grand Prix: Titled Tuesday Blitz"]
[Site "Chess.com"]
[Date "2020.06.23"]
[Round "7"]
[White "wannabe2700"]
[Black "hectorfiori"]
[Result "1-0"]
[WhiteElo "2667"]
[BlackElo "2314"]
[TimeControl "180+1"]
[EndTime "11:17:48 PDT"]
[Termination "wannabe2700 won by resignation"]

1. e4 c5 2. d4 e6 3. d5 exd5 4. exd5 d6 5. Nf3 Be7 6. Nc3 Bf6 7. Bd3 Ne7 8. O-O O-O 9. Ng5 h6 10. Nh7 Bxc3 11. Nxf8 Be5 12. Nh7 Bf5 13. Bxf5 Nxf5 14.
f4 Bd4+ 15. Kh1 Qh4 16. Qd3 Kxh7 17. Qxf5+ Kg8 18. Qc8+ Kh7 19. Qxb7 Nd7 20. Qxa8 Nf6 21. Qd8 Qh5 22. Bd2 Qe2 23. Bc3 Qxc2 24. Bxd4 cxd4 25. Qxd6 Ng4 26. Qa3 d3 27. Qc3 Qe2 28. Rae1 Qc2 29. Qxc2 dxc2 30. Rc1 Ne3 31. Rf3 Nxd5 32. Rxc2 Nf6 33.
a3 g6 34. h3 h5 35. Rc7 h4 36. Rxa7 Kh6 37. Rxf7 Ne4 38. b4 Ng3+ 39. Rxg3 hxg3 40. b5 g5 41. fxg5+ Kg6 42. Rf3 Kxg5 43. b6 Kh5 44. b7 1-0

[Event "*** SCC Grand Prix: Titled Tuesday Blitz"]
[Site "Chess.com"]
[Date "2020.06.23"]
[Round "7"]
[White "XiaoKangZhong"]
[Black "Vuk2000"]
[Result "0-1"]
[WhiteElo "2405"]
[BlackElo "2628"]
[TimeControl "180+1"]
[EndTime "11:17:49 PDT"]
[Termination "Vuk2000 won by resignation"]

1. e4 e6 2. d4 d5 3. Nd2 Nc6 4. Bb5 a6 5. Bxc6+ bxc6 6. Ngf3 Nf6 7. e5 Nd7 8. O-O c5 9. c4 Bb7 10. Re1 cxd4 11. Nxd4 c5 12. Nc2 Nb6 13. b3 Be7 14. Qg4 Qd7 15. cxd5 Nxd5 16. Nc4 Kf8 17. Ba3 h5 18. Qg3 h4 19. Qg4 h3 20. g3 Nb4 21.
Bxb4 Qc6 22. f3 cxb4 23. Nd4 Bc5 24. Red1 Qxf3 25. Qxf3 Bxf3 26. Rd3 Rd8 27. Nd6 Be2 28. Rd2 Bxd6 29. exd6 Rxd6 30. Rc1 Kg8 31. Rc7 Bb5 32. Kf2 Kh7 33. Rxf7 Rhd8 34. Ke3 e5 35. Rxg7+ Kh8 36. Nf3 Rxd2 37. Nxd2 Kxg7 0-1

[Event "*** SCC Grand Prix: Titled Tuesday Blitz"]
[Site "Chess.com"]
[Date "2020.06.23"]
[Round "7"]
[White "Walter_White_Poland"]
[Black "dodorox"]
[Result "1-0"]
[WhiteElo "2210"]
[BlackElo "2037"]
[TimeControl "180+1"]
[EndTime "11:17:49 PDT"]
[Termination "Walter_White_Poland won on time"]

1. e4 e6 2. d4 d5 3. Nc3 Nf6 4. Bg5 dxe4 5. Nxe4 Be7 6. Bxf6 gxf6 7. Nf3 f5 8. Nc5 Bxc5 9. dxc5 Qxd1+ 10. Rxd1 Nd7 11. c6 bxc6 12. g3 Rb8 13. b3 Bb7 14. Bg2 c5 15.
O-O Nf6 16. Ne5 Bxg2 17. Kxg2 O-O 18. Nd7 Nxd7 19. Rxd7 Rfc8 20. Re1 Kf8 21. Re5 c4 22. Rc5 cxb3 23. axb3 Rb7 24. Rd4 Ke8 25. Kf3 Rd8 26. Rh4 Ke7 27. Rxh7 Kf6 28. Rh4 Rc8 29. Rhc4 Rh8 30.
h4 Rc8 31. Rc6 Ke7 32. Kf4 Kf6 33. b4 Ke7 34. c3 Kf6 35. R4c5 Ke7 36. f3 Kf6 37. g4 fxg4 38. fxg4 Ke7 39. g5 Kd7 40. h5 Rh8 41. h6 Rb6 42. Rxc7+ Kd6 43. Rc8 Rh7 44.
Rd8+ Ke7 45. Ra8 1-0

[Event "*** SCC Grand Prix: Titled Tuesday Blitz"]
[Site "Chess.com"]
[Date "2020.06.23"]
[Round "7"]
[White "Igor_Lysyj"]
[Black "GMBenjaminBok"]
[Result "1-0"]
[WhiteElo "2784"]
[BlackElo "2844"]
[TimeControl "180+1"]
[EndTime "11:17:50 PDT"]
[Termination "Igor_Lysyj won by checkmate"]

1. d4 d5 2. c4 c6 3. Nf3 Nf6 4.
g3 dxc4 5. Bg2 g6 6. O-O Bg7 7. a4 Ne4 8. Nc3 Nd6 9. e4 Bg4 10. Be3 O-O 11. h3 Bxf3 12. Qxf3 Na6 13. Qe2 Nb4 14. Rad1 a5 15. g4 e6 16. e5 Nc8 17.
Qxc4 Nb6 18. Qe2 N6d5 19. Bc1 Qb6 20. Ne4 Qa6 21. Qd2 Rfd8 22. Nc5 Qc4 23. Rfe1 b6 24.
Ne4 Qc2 25. Qxc2 Nxc2 26. Re2 Ncb4 27. Bg5 Rd7 28. Nd6 Bf8 29. Nc4 Rc8 30. Be4 h6 31. Bd2 Rb8 32. Rc1 c5 33. dxc5 Bxc5 34. Bxh6 Bd4 35.
Bg5 Rc7 36. b3 b5 37. axb5 Rxb5 38. Rd1 Nc3 39. Red2 Nxd1 40. Rxd4 Nc3 41. Rd8+ Kh7 42. Bf6 Nxe4 43. Rh8# 1-0

[Event "*** SCC Grand Prix: Titled Tuesday Blitz"]
[Site "Chess.com"]
[Date "2020.06.23"]
[Round "7"]
[White "maciek_92"]
[Black "Fh2411"]
[Result "1-0"]
[WhiteElo "2696"]
[BlackElo "2523"]
[TimeControl "180+1"]
[EndTime "11:17:50 PDT"]
[Termination "maciek_92 won on time"]

1. d4 d5 2. Nf3 Nf6 3. c4 c6 4. Nc3 dxc4 5. Ne5 b5 6. a4 b4 7. Nb1 Ba6 8. e3 Qd5 9. Be2 e6 10. Qc2 b3 11. Qd1 Bb4+ 12. Bd2 Qa5 13. O-O O-O 14. Nc3 Bxc3 15. Bxc3 Qd5 16. Rc1 Nbd7 17.
Bf3 Qd6 18. Nxc6 Nd5 19. Bxd5 exd5 20. Ne5 f6 21. Bb4 Qxb4 22. Nxd7 Rfe8 23. Nc5 Bb7 24. Qe1 a5 25. Qxb4 axb4 26. Nxb7 Rxa4 27. Nc5 Ra2 28.
Rb1 f5 29. g3 Kf7 30. Kg2 g6 31. Kf3 h5 32. h4 Kf6 33. Kf4 Re7 34. f3 Ra8 35. e4 dxe4 36. fxe4 fxe4 37. Nxe4+ Kg7 38. Ke3 Rae8 39. Rf4 Rd7 40. Rc1 c3 41. bxc3 b2 42. Rb1 bxc3 43. Kd3 1-0

[Event "*** SCC Grand Prix: Titled Tuesday Blitz"]
[Site "Chess.com"]
[Date "2020.06.23"]
[Round "7"]
[White "Shuvalov"]
[Black "2008king"]
[Result "1/2-1/2"]
[WhiteElo "2441"]
[BlackElo "2238"]
[TimeControl "180+1"]
[EndTime "11:17:51 PDT"]
[Termination "Game drawn by repetition"]

1. Nf3 d5 2. c4 d4 3. b4 f6 4. e3 e5 5. c5 Ne7 6. Bc4 Nd5 7. Qb3 c6 8. d3 Bg4 9. e4 Bxf3 10.
gxf3 Nf4 11. Bxf4 exf4 12. Nd2 Qe7 13. h4 Nd7 14. h5 Ne5 15. Ke2 O-O-O 16. Be6+ Kb8 17.
b5 cxb5 18. a4 Qxc5 19. axb5 Qc3 20. Rhc1 Qxb3 21. Nxb3 Bb4 22. Ra4 Bc3 23. Rc2 Rhe8 24. Bh3 b6 25. Rca2 Re7 26. Nd2 g6 27. Nc4 Nxc4 28. Rxc4 gxh5 29. Rc6 Bb4 30. Rxf6 Bd6 31. Rf5 h4 32. Rh5 Be5 33. Rc2 a5 34. bxa6 Ka7 35.
Bc8 Rc7 36. Rxc7+ Bxc7 37. Bb7 b5 38. Rxb5 Rd6 39. Rh5 Bd8 40. Rxh7 Rb6 41. Kf1 Rb1+ 42. Kg2 Rd1 43. Bc8+ Kb8 44. Be6 Bb6 45. Rb7+ Ka8 46.
Rxb6 Rxd3 47. Rb7 h3+ 48. Kxh3 Rxf3+ 49. Kg2 Ra3 50. Bc4 f3+ 51. Kg3 d3 52. Rd7 d2 53.
Rxd2 Ka7 54. Rd7+ Ka8 55. e5 Kb8 56. e6 Kc8 57. a7 Ra4 58. Bd5 Rg4+ 59. Kh2 Rh4+ 60.
Kg3 Rg4+ 61. Kh3 Rh4+ 62. Kg3 Rg4+ 1/2-1/2

[Event "*** SCC Grand Prix: Titled Tuesday Blitz"]
[Site "Chess.com"]
[Date "2020.06.23"]
[Round "7"]
[White "Alopekos"]
[Black "monalize"]
[Result "0-1"]
[WhiteElo "2429"]
[BlackElo "2271"]
[TimeControl "180+1"]
[EndTime "11:17:51 PDT"]
[Termination "monalize won by resignation"]

1. c4 e5 2. Nc3 Nf6 3. d3 d5 4. cxd5 Nxd5 5. g3 Nc6 6. Bg2 Nb6 7. Nf3 Be7 8. O-O O-O 9. Be3 Be6 10. a3 a5 11. Ne4 Nd5 12. Bc5 h6 13. Bxe7 Qxe7 14. Rc1 Bc8 15. e3 Rd8 16. d4 exd4 17. Nxd4 Nxd4 18.
exd4 c6 19. Re1 Nc7 20. Nc5 Qf6 21. Qe2 Ne6 22. Nxe6 Bxe6 23. d5 Bxd5 24. Bxd5 Rxd5 25. Qe7 Qxe7 26. Rxe7 Rb5 27. Rd1 Rxb2 28. Rdd7 Rf8 29. Rxb7 Rxb7 30. Rxb7 Rd8 31. Rc7 Rd3 32. a4 Rd4 33.
Rxc6 Rxa4 34. Ra6 Ra2 35. Kg2 g6 36. Kf3 Kg7 37. Ke4 Rxf2 38. Rxa5 Rxh2 39. g4 Rf2 40. Ke3 Rf6 41. g5 hxg5 42. Rxg5 Rf5 43. Rg1 f6 44.
Rb1 g5 45. Ke4 Kg6 46. Rb8 Rf4+ 47. Ke3 Ra4 48. Kf2 Kf5 49. Rb5+ Kg4 50. Rb1 f5 51. Rg1+ Kf4 52. Rb1 g4 53. Rb3 Ra2+ 54. Ke1 g3 0-1

[Event "*** SCC Grand Prix: Titled Tuesday Blitz"]
[Site "Chess.com"]
[Date "2020.06.23"]
[Round "7"]
[White "Belka1989"]
[Black "AungTZ"]
[Result "0-1"]
[WhiteElo "2310"]
[BlackElo "2094"]
[TimeControl "180+1"]
[EndTime "11:17:51 PDT"]
[Termination "AungTZ won by resignation"]

1. d4 Nf6 2. Nf3 d5 3. Bf4 e6 4. e3 Bd6 5. Ne5 O-O 6. Nd2 Bxe5 7. Bxe5 Nfd7 8. Bg3 f6 9. Bd3 Qe7 10. O-O Rf7 11. e4 c6 12. c4 b6 13. exd5 cxd5 14. Re1 Bb7 15. Qe2 Nf8 16. Rac1 Qd7 17. cxd5 Bxd5 18. Rc7 Qd8 19. Rec1 Rxc7 20. Rxc7 Nc6 21.
a3 Nxd4 22. Rc8 Rxc8 23. Qe1 Nc6 24. h3 Ne7 25. Be2 Neg6 26. Nf3 Ne5 27. Nd4 Nc4 28. b3 Nd6 29. Nf3 Ne4 30. Bf4 Nc3 31. Bf1 e5 32. Nh4 Bf3 33. Nxf3 exf4 34. Qd2 Qxd2 35. Nxd2 Nd5 36. Bc4 Rd8 37. Bxd5+ Rxd5 0-1

[Event "*** SCC Grand Prix: Titled Tuesday Blitz"]
[Site "Chess.com"]
[Date "2020.06.23"]
[Round "7"]
[White "Lenyas66"]
[Black "chessablanca"]
[Result "1/2-1/2"]
[WhiteElo "2506"]
[BlackElo "2381"]
[TimeControl "180+1"]
[EndTime "11:17:52 PDT"]
[Termination "Game drawn - insufficient material"]

1. e4 e5 2. Nf3 Nc6 3. Bb5 a6 4. Ba4 Nf6 5. O-O Be7 6. Bxc6 dxc6 7. d3 Bd6 8. Nbd2 O-O 9. Nc4 Re8 10.
Bg5 Bg4 11. h3 Bh5 12. g4 Bg6 13. Qd2 h6 14. Bh4 Be7 15. Bg3 Bd6 16. Ncxe5 Bxe5 17. Bxe5 Nxe4 18. dxe4 Qxd2 19. Nxd2 Rxe5 20. f4 Re7 21. f5 Bh7 22. Rad1 Rd8 23. Kf2 f6 24. Ke2 Kf8 25. Rf3 Bg8 26. Rd3 Rde8 27. Kf3 c5 28.
c4 b6 29. b3 Bf7 30. Ke3 Bg8 31. Rf1 Bf7 32. Rf4 Bg8 33. Nb1 b5 34. Nd2 c6 35.
Rc3 bxc4 36. Nxc4 Bxc4 37. Rxc4 Re5 38. Rf2 Ke7 39. Rd2 Rd8 40. Rxd8 Kxd8 41. Ra4 Kc7 42. Rxa6 Kb7 43. Ra4 Re8 44. Rc4 Re5 45. Rc2 Kb6 46. Rd2 Re7 47. Kf4 Kb5 48. h4 c4 49. bxc4+ Kxc4 50. Rc2+ Kd4 51. Rd2+ Kc3 52. Rd6 c5 53. Re6 Ra7 54. g5 fxg5+ 55. hxg5 hxg5+ 56. Kxg5 Rxa2 57.
Kg6 Rg2+ 58. Kf7 c4 59. Rc6 Kb3 60. e5 Rf2 61. Kg6 Rg2+ 62. Kf7 Rf2 63. f6 gxf6 64. exf6 c3 65. Kg7 c2 66. f7 Rxf7+ 67. Kxf7 Kb2 68. Rxc2+ Kxc2 1/2-1/2

[Event "*** SCC Grand Prix: Titled Tuesday Blitz"]
[Site "Chess.com"]
[Date "2020.06.23"]
[Round "7"]
[White "JoliyRoger"]
[Black "Bayernbk"]
[Result "0-1"]
[WhiteElo "2272"]
[BlackElo "2466"]
[TimeControl "180+1"]
[EndTime "11:17:52 PDT"]
[Termination "Bayernbk won by checkmate"]

1. Nf3 d5 2. c4 e6 3. cxd5 exd5 4. d4 Nf6 5. Nc3 c6 6. Bg5 Be7 7. Bxf6 Bxf6 8. e3 Bf5 9. Bd3 Bxd3 10. Qxd3 O-O 11. O-O Nd7 12. b4 Be7 13. b5 Bd6 14. bxc6 bxc6 15. Rac1 Qa5 16. Rc2 Rab8 17. g3 Rb6 18.
Kg2 h6 19. Rfc1 Qa6 20. Qd1 Re8 21. Nb1 Nf6 22. Nbd2 Ne4 23. Nxe4 Rxe4 24. Qf1 Qb7 25. Nd2 Re6 26. Nb3 Ba3 27. Rd1 h5 28. h3 Rg6 29. Qd3 Qd7 30. Rg1 h4 31. g4 Bd6 32. Kf1 Rf6 33. Ke2 Ba3 34. g5 Rg6 35. Rg4 Be7 36. f4 f5 37. Rg1 Qe6 38. Nd2 Bxg5 39. fxg5 f4 40. Nf3 fxe3 41. Qxe3 Qxh3 42. Ke1 Re6 43. Ne5 Qxe3+ 44. Kd1 Rb1+ 45.
Rc1 Rxc1# 0-1

[Event "*** SCC Grand Prix: Titled Tuesday Blitz"]
[Site "Chess.com"]
[Date "2020.06.23"]
[Round "7"]
[White "mbachez"]
[Black "NTBT_DHS"]
[Result "1-0"]
[WhiteElo "2455"]
[BlackElo "2626"]
[TimeControl "180+1"]
[EndTime "11:17:53 PDT"]
[Termination "mbachez won on time"]

1. e4 c5 2. Nf3 Nc6 3. Bb5 Nf6 4.
Qe2 e5 5. O-O Qc7 6. Nc3 Nd4 7.
Qd1 a6 8. Bc4 b5 9. Nd5 Qd6 10.
Nxf6+ Qxf6 11. Nxd4 bxc4 12. Nf5 d5 13. Ne3 dxe4 14. b3 cxb3 15. axb3 Be6 16. Bb2 Bd6 17.
f4 exf3 18. Rxf3 Qe7 19. Rg3 f5 20. Qh5+ Qf7 21. Qg5 O-O 22. Rf1 Be7 23. Qh6 Bf6 24. Nxf5 Bxf5 25. Rxf5 Kh8 26. Qe3 c4 27. Bxe5 Rae8 28.
Rgf3 cxb3 29. Qxb3 Qa7+ 30. d4 Qd7 31. Qe3 a5 32. g4 a4 33. g5 Be7 34. Rxf8+ Bxf8 35. Qf4 Bb4 36. c3 Ba3 37. g6 Bb2 38. Qh6 1-0

[Event "*** SCC Grand Prix: Titled Tuesday Blitz"]
[Site "Chess.com"]
[Date "2020.06.23"]
[Round "7"]
[White "Lector118"]
[Black "theblitzchamp"]
[Result "0-1"]
[WhiteElo "2476"]
[BlackElo "2655"]
[TimeControl "180+1"]
[EndTime "11:17:54 PDT"]
[Termination "theblitzchamp won on time"]

1. d4 Nf6 2. c4 g6 3. Nc3 Bg7 4. e4 d6 5. Nf3 O-O 6. Be2 e5 7. d5 a5 8. Bg5 Na6 9. Nd2 c6 10. O-O Nc5 11. b3 Qc7 12. a3 Ne8 13. b4 Na6 14.
Nb3 h6 15. Be3 axb4 16. axb4 Rb8 17. b5 Nb4 18. dxc6 bxc6 19. b6 Qd7 20. Ra7 Rb7 21.
c5 d5 22. exd5 Nxd5 23. Rxb7 Bxb7 24. Na5 Nef6 25. Nxd5 Nxd5 26. Nxb7 Qxb7 27. Bc4 Rd8 28. Qb3 Bf8 29. Ra1 Nxe3 30. Qxe3 Qe7 31. h3 Qxc5 32.
Qxc5 Bxc5 33. b7 Rb8 34. Ra8 Bd6 35. Rxb8+ Bxb8 36. f3 Kf8 37. Kf2 f5 38. Ke3 Ke7 39. g4 Kd6 40. h4 Ba7+ 41. Ke2 e4 42. gxf5 gxf5 43. fxe4 fxe4 0-1

[Event "*** SCC Grand Prix: Titled Tuesday Blitz"]
[Site "Chess.com"]
[Date "2020.06.23"]
[Round "7"]
[White "ChessicallyInclined"]
[Black "Khvicha_Supatashvili"]
[Result "0-1"]
[WhiteElo "2485"]
[BlackElo "2655"]
[TimeControl "180+1"]
[EndTime "11:17:54 PDT"]
[Termination "Khvicha_Supatashvili won by resignation"]

1. d4 Nf6 2. c4 e6 3. Nc3 Bb4 4. e3 c5 5. Ne2 cxd4 6. exd4 d5 7. a3 Be7 8. cxd5 Nxd5 9. Nxd5 exd5 10. Nf4 Nc6 11. Be3 O-O 12. Bd3 Bf6 13. O-O g6 14. Rc1 Qd6 15. Rc5 Be6 16. Nxe6 Qxe6 17. Bc2 b6 18. Rc3 Qd6 19. Ba4 Na5 20. Bb5 a6 21.
Be2 b5 22. Rc5 Nb7 23. Rc3 Na5 24. Rc5 Nb7 25. Rc2 Rac8 26. Bg4 Rc4 27. Be2 Rxc2 28. Qxc2 Na5 29. Bd2 Nc6 30. Bc3 Bxd4 31. Rd1 Bxc3 32.
Qxc3 d4 33. Qd2 Rd8 34. Bf1 Ne5 35. h3 h5 36. Kh1 Nc4 37. Qc2 Qd5 38. Bd3 Ne5 39.
Be4 Qc4 40. Qd2 d3 41. Qg5 Qd4 42. f3 Kg7 43. Qe7 d2 44. Qc7 Qd6 45. Qc3 Qd4 46. Qc2 Nc4 47. b3 Ne3 48. Qb1 Nxd1 49. Qxd1 Qc3 50.
Kh2 Qc1 51. Bc2 Qxd1 52. Bxd1 Re8 0-1

[Event "*** SCC Grand Prix: Titled Tuesday Blitz"]
[Site "Chess.com"]
[Date "2020.06.23"]
[Round "7"]
[White "elamier"]
[Black "Gurvich_Vitaly"]
[Result "0-1"]
[WhiteElo "2335"]
[BlackElo "2559"]
[TimeControl "180+1"]
[EndTime "11:17:54 PDT"]
[Termination "Gurvich_Vitaly won by resignation"]

1. d4 Nf6 2. Bg5 Ne4 3. Bf4 c5 4.
f3 Qa5+ 5. c3 Nf6 6. d5 Qb6 7.
Bc1 e6 8. e4 exd5 9. exd5 g6 10.
c4 Bg7 11. Nc3 O-O 12. Bd3 Re8+ 13. Nge2 d6 14. O-O Nbd7 15. f4 Ng4 16. h3 Ne3 17. Bxe3 Rxe3 18. Qd2 Re8 19. Rae1 Nf6 20. Ng3 Bd7 21. Kh1 Rxe1 22. Rxe1 Re8 23. Rxe8+ Nxe8 24. b3 Qb4 25. Nce4 Qxd2 26. Nxd2 Bh6 27. Ne2 f5 28. g3 Nf6 29. Kg2 Kf7 30. Kf3 Ke7 31. h4 Ng4 32. Nf1 Bg7 33. Ne3 h5 34. Nxg4 hxg4+ 35. Kf2 Kd8 36. Ke3 Kc7 37. Kd2 Kb6 38. Nc3 a6 39. Kc2 Ka5 40. Nd1 Bd4 41. a3 b5 42.
Kd2 Kb6 43. Kc2 bxc4 44. Bxc4 Bb5 45. a4 Bxc4 46. bxc4 Ka5 47. Kb3 Bg1 48. Ka3 Bh2 49. Kb3 Bxg3 50. h5 gxh5 51. Ne3 Bxf4 52. Nxf5 g3 53. Nh4 Bg5 54. Nf3 g2 55. Ng1 Be3 0-1

[Event "*** SCC Grand Prix: Titled Tuesday Blitz"]
[Site "Chess.com"]
[Date "2020.06.23"]
[Round "7"]
[White "Grieve72"]
[Black "CarlssonLudvig"]
[Result "1-0"]
[WhiteElo "2256"]
[BlackElo "2424"]
[TimeControl "180+1"]
[EndTime "11:17:54 PDT"]
[Termination "Grieve72 won on time"]

1. e4 c5 2. Nf3 d6 3. d4 cxd4 4.
Nxd4 Nf6 5. Nc3 a6 6. f3 e5 7. Nb3 Be7 8. Be3 Be6 9. Qd2 d5 10.
exd5 Nxd5 11. Nxd5 Qxd5 12. Bd3 Nc6 13. O-O O-O 14.
Rfd1 Rad8 15. Qf2 Bf5 16. Qg3 e4 17. Bxe4 Qxd1+ 18. Rxd1 Rxd1+ 19. Kf2 Bxe4 20. fxe4 Bd6 21. Qg4 Rb1 22. Bc1 Ne5 23. Qe2 a5 24. a4 b6 25. c3 Bc5+ 26. Kg3 Bd6 27. Kh3 Re8 28.
Qc2 Rxc1 29. Qxc1 Re6 30. g3 Rh6+ 31. Kg2 Ng4 32. h3 Ne5 33. Nd4 Rf6 34. Nf5 Bc5 35.
Qg5 Bf8 36. h4 Kh8 37. Qd2 g6 38. Nd4 Rd6 39. Qg5 Bg7 40. Qe7 1-0

[Event "*** SCC Grand Prix: Titled Tuesday Blitz"]
[Site "Chess.com"]
[Date "2020.06.23"]
[Round "7"]
[White "Skatchkov_V"]
[Black "Volodar_Murzin"]
[Result "0-1"]
[WhiteElo "2552"]
[BlackElo "2715"]
[TimeControl "180+1"]
[EndTime "11:17:55 PDT"]
[Termination "Volodar_Murzin won by resignation"]

1. d4 Nf6 2. Nf3 g6 3. c4 Bg7 4.
g3 O-O 5. Bg2 d6 6. O-O Nc6 7. Nc3 e5 8. dxe5 Nxe5 9. Nxe5 dxe5 10. b3 c6 11. Ba3 Qxd1 12. Raxd1 Re8 13. b4 Be6 14. b5 Rac8 15. bxc6 bxc6 16. Bc5 Bxc4 17.
Bxa7 Nd5 18. Nxd5 cxd5 19. Rxd5 Bxd5 20. Bxd5 e4 21. Rb1 Rcd8 22. Bc4 Re7 23. Be3 Red7 24. Kg2 Bd4 25. Bg5 Rc8 26. Bb3 Kg7 27. Rd1 h6 28. Be3 Rcd8 29. Bxd4+ Rxd4 30. Rc1 Rd2 31. Kf1 R8d7 32. Rc4 f5 33. h3 h5 34. h4 Rb2 35. Rc6 Rdd2 36. Rc7+ Kf8 37. Rc8+ Ke7 38.
Rc7+ Kd8 39. Rc6 Rxe2 40. Rxg6 Rxf2+ 41. Ke1 Rh2 0-1

[Event "*** SCC Grand Prix: Titled Tuesday Blitz"]
[Site "Chess.com"]
[Date "2020.06.23"]
[Round "7"]
[White "PowerThinking2650"]
[Black "Michaelson_11"]
[Result "0-1"]
[WhiteElo "2309"]
[BlackElo "2086"]
[TimeControl "180+1"]
[EndTime "11:17:55 PDT"]
[Termination "Michaelson_11 won on time"]

1. e4 c5 2. Nf3 Nc6 3. d4 cxd4 4. Nxd4 e6 5. Nb5 d6 6. c4 Nf6 7. N1c3 a6 8. Na3 Be7 9. Be2 O-O 10. Be3 b6 11.
O-O Bb7 12. Rc1 Ne5 13. f3 Rc8 14. Qd2 d5 15. cxd5 exd5 16. exd5 Nxd5 17. Nxd5 Qxd5 18. Qxd5 Bxd5 19. Bxb6 Bxa2 20. Bxa6 Ra8 21. Be2 Rfb8 22. Bd4 Ng6 23. f4 Bxa3 24. bxa3 Rxa3 25. f5 Nf8 26.
Rc7 Rd8 27. Bf2 Ra5 28. Ra1 Rd2 29. Bf3 Rxf5 30. Bc5 Rc2 31. Rc8 Rfxc5 32. Rxc5 Rxc5 33. Rxa2 Rc8 34. Ra7 Ne6 35. Bd5 Re8 36. g3 g6 37.
Kg2 Kg7 38. h4 Kf6 39. Rd7 Rb8 40. Kf3 Rb2 41. g4 h6 0-1